 Dungeon Crawl Stone Soup version 0.28.0-53-g5a82cb258f (webtiles) character file.

Game seed: 14300452441188095627

26 DocClef the Poker (level 3, 0/27 HPs)
             Began as a Merfolk Gladiator on June 30, 2022.
             Slain by a goblin
             ... wielding a +0 dagger
              (1 damage)
             ... on level 2 of the Dungeon.
             The game lasted 00:00:48 (751 turns).

DocClef the Poker (Merfolk Gladiator)                Turns: 751, Time: 00:00:49

Health: 0/27       AC:  9    Str: 16    XL:     3   Next: 8%
Magic:  3/3        EV:  8    Int:  7    God:
Gold:   86         SH:  0    Dex: 15    Spells: 2/2 levels left

rFire   . . .      SeeInvis .   a - +0 trident
rCold   . . .      Faith    .   (no shield)
rNeg    . . .      Spirit   .   h - +0 chain mail
rPois   .          Reflect  .   c - +0 helmet
rElec   .          Harm     .   (no cloak)
rCorr   .          Rampage  .   (no gloves)
Will    .....                   (no boots)
Stlth   ..........              (no amulet)
HPRegen 0.09/turn               (no ring)
MPRegen 0.08/turn               (no ring)

@: no status effects
A: (nimble swimmer 2), mertail
a: no special abilities


You were on level 2 of the Dungeon.
You visited 1 branch of the dungeon, and saw 2 of its levels.

You collected 86 gold pieces.

Inventory:

Hand Weapons
 a - a +0 trident (weapon)
Missiles
 d - 3 throwing nets (quivered)
Armour
 b - a +0 leather armour
 c - a +0 helmet (worn)
 h - a +0 chain mail (worn)
Scrolls
 e - a scroll of teleportation {unknown}
Potions
 f - a potion of haste {unknown}
 g - a potion of invisibility {unknown}


   Skills:
 - Level 2.1 Fighting
 + Level 6.1 Polearms
 - Level 2.0 Throwing
 - Level 4.0 Dodging


You had 2 spell levels left.
You didn't know any spells.
Your spell library was empty.

Dungeon Overview and Level Annotations

Branches:
Dungeon (2/15)

Altars:

Annotations:
D:2 Robin


Innate Abilities, Weirdness & Mutations

((You are very nimble when in or above water. (Stealth+, EV+, Speed+++)))
Your lower body shifts to a powerful aquatic tail in water.


Message History

A hobgoblin comes into view.
The hobgoblin hits you but does no damage.
Robin hits you from afar with a +0 spear.
* * * LOW HITPOINT WARNING * * *
The goblin hits you but does no damage. The goblin barely misses you.
A goblin comes into view. It is wielding a +0 dagger.
The goblin shouts!
The hobgoblin shouts!
You hit the goblin.
You kill the goblin!
The goblin hits you but does no damage.
The hobgoblin hits you but does no damage.
Robin roars a battlecry!
The goblins go into a battle-frenzy!
The goblin closely misses you. The goblin hits you but does no damage.
There is an open door here.
Items here: ( ))) †.
Robin throws the goblin at you!
* * * LOW HITPOINT WARNING * * *
The goblin closely misses you.
You barely miss the goblin.
The goblin hits you but does no damage. x2
You barely miss the goblin.
The hobgoblin no longer looks unusually strong.
Robin roars a battlecry!
The goblin hits you with a +0 club.
* * * LOW HITPOINT WARNING * * *
You barely miss the goblin. The goblin barely misses you.
Robin hits you but does no damage. The hobgoblin barely misses you.
The goblin closely misses you.
You closely miss the goblin. The goblin closely misses you.
A hobgoblin comes into view.
Robin barely misses you. The goblin hits you but does no damage.
You closely miss the goblin.
The goblin no longer looks unusually strong.
The goblin hits you but does no damage. Robin barely misses you.
The hobgoblin barely misses you. The goblin barely misses you.
You barely miss the goblin.
The goblin no longer looks unusually strong.
The goblin hits you with a +0 dagger.
You die...

##########
###########g@g......
#........##g########
#.........gg....#
#.........gg....#
#...............#
#......)........#
.......g.....#####
..........####
...###.#<..


You could see Robin, 4 hobgoblins and 3 goblins.

Vanquished Creatures
  3 endoplasms (D:1)
  4 giant cockroaches (D:1)
  5 goblins
  2 hobgoblins
  A quokka (D:1)
  3 bats (D:1)
  3 frilled lizards (D:1)
  2 kobolds (D:1)
23 creatures vanquished.

Notes
Turn   | Place    | Note
-------+----------+-------------------------------------------
     0 | D:1      | DocClef the Merfolk Gladiator began the quest for the Orb.
     0 | D:1      | Reached XP level 1. HP: 16/16 MP: 1/1
   164 | D:1      | Found a faded altar of an unknown god.
   179 | D:1      | Reached skill level 5 in Polearms
   222 | D:1      | Reached XP level 2. HP: 12/22 MP: 2/2
   730 | D:2      | Noticed Robin
   739 | D:2      | Reached skill level 6 in Polearms
   739 | D:2      | Reached XP level 3. HP: 8/27 MP: 3/3
   747 | D:2      | HP: 1/27 [goblin/+0 club[Robin] (2)]
   751 | D:2      | Slain by a goblin

Illustrated notes

Levels and vault maps discovered:
D:1:      dpeg_arrival_circle_labyrinth_a, layout_basic,
          chequers_ecumenical_altar_simple_redux
D:2:      layout_basic, basic_altar, uniq_robin

Skill      XL: |  1  2 |
---------------+-------+-----
Polearms       | 5 6 |  6.1
Fighting       | |  2.1
Throwing       | |  2.0
Dodging        | |  4.0

Action                   || total
-------------------------++-------
Melee: Trident           ||    58
Armor: Chain mail        ||    38
       Leather armour    ||     1
Dodge: Dodged            ||    31
